 Dungeon Crawl Stone Soup version 0.22-a0-247-gbddf880757 (webtiles) character file.

92 Peterchen the Chopper (level 4, -2/58 HPs)
             Began as a Minotaur Berserker on Feb 26, 2018.
             Was a Believer of Trog.
             Slain by a gnoll
             ... wielding a +0 flail
              (5 damage)
             ... on level 2 of the Dungeon.
             The game lasted 00:02:16 (836 turns).

Peterchen the Chopper (Minotaur Berserker)           Turns: 836, Time: 00:02:17

Health: -2/58      AC:  2    Str: 28    XL:     4   Next: 35%
Magic:  3/3        EV: 12    Int:  4    God:    Trog [**....]
Gold:   51         SH:  0    Dex:  9    Spells: 3/3 levels left

rFire    . . .     SeeInvis .   a - +0 hand axe
rCold    . . .     Gourm    .   (no shield)
rNeg     . . .     Faith    .   b - +0 animal skin
rPois    .         Spirit   .   (helmet restricted)
rElec    .         Reflect  .   (no cloak)
rCorr    .         Harm     .   (no gloves)
MR       .....                  (no boots)
Stlth    ..........             (no amulet)
HPRegen  0.19/turn              (no ring)
MPRegen  0.08/turn              (no ring)

@: berserking, very quick
A: retaliatory headbutt, horns 2
a: Berserk, Trog's Hand, Renounce Religion


You were on level 2 of the Dungeon.
You worshipped Trog.
Trog was pleased with you.
You were hungry.

You visited 1 branch of the dungeon, and saw 2 of its levels.

You collected 51 gold pieces.

Inventory:

Hand Weapons
 a - a +0 hand axe (weapon)
Armour
 b - a +0 animal skin (worn)
Scrolls
 d - a scroll of identify {unknown}
 f - a scroll of immolation {unknown}
 i - a scroll of amnesia {unknown}
 j - a scroll of teleportation {unknown}
 m - a scroll of remove curse {unknown}
Potions
 e - 3 potions of curing {unknown}
 g - a potion of degeneration {unknown}
 h - 3 potions of heal wounds {unknown}
 k - a potion of might {unknown}
Comestibles
 c - a ration
 l - 4 chunks of flesh


   Skills:
 - Level 3.6 Fighting
 * Level 6.3 Axes
 - Level 2.4 Armour
 - Level 2.1 Dodging


You had 3 spell levels left.
You didn't know any spells.

Dungeon Overview and Level Annotations

Branches:
Dungeon (2/15)

Altars:
Yredelemnul


Innate Abilities, Weirdness & Mutations

You reflexively headbutt those who attack you in melee.
You have a pair of horns on your head.


Message History

You miss the quokka.
The gnoll hits you from afar with a spear!
The quokka bites you. The gnoll hits you with a club. The adder misses you.
You furiously retaliate!
You headbutt the adder.
A red film seems to cover your vision as you go berserk!
You feel yourself moving faster!
You feel mighty!
You are feeling hungry.
The quokka twitches its whiskers.
The quokka closely misses you.
The gnoll hits you from afar with a spear.
* * * LOW HITPOINT WARNING * * *
The gnoll hits you from afar with a spear.
* * * LOW HITPOINT WARNING * * *
The gnoll hits you with a club!
* * * LOW HITPOINT WARNING * * *
The adder closely misses you. You furiously retaliate!
You headbutt the adder!!
You kill the adder!
Trog accepts your kill. The gnoll hits you with a flail.
You die...

.# #. #.# ##.# #.# .....
#.# .....# #.#
......####### #.# ####
............####.# ....
......†#.#.......#######
####
...a.gr@..#.####...>...#
%....ggg###.# #.##.....
####....# #.# #(##.##.#
........ ..# #.##.....
#####... ### #.##.##.#
#...# #.##..... #...#
#.....÷.# #....
##.#..... #....###.


You could see a worker ant, 4 gnolls and a quokka.

Vanquished Creatures
  5 gnolls
  An adder (D:2)
  A dart slug (D:1)
  2 ball pythons (D:1)
  5 bats
  5 goblins (D:1)
  4 hobgoblins
  A quokka (D:2)
  2 frilled lizards
  5 kobolds
  5 rats
36 creatures vanquished.

Notes
Turn   | Place    | Note
-------+----------+-------------------------------------------
     0 | D:1      | Peterchen the Minotaur Berserker began the quest for the Orb.
     0 | D:1      | Reached XP level 1. HP: 19/19 MP: 0/0
    14 | D:1      | Reached skill level 4 in Axes
    54 | D:1      | Reached XP level 2. HP: 14/26 MP: 1/1
   121 | D:1      | Reached skill level 5 in Axes
   128 | D:1      | Reached XP level 3. HP: 9/31 MP: 2/2
   684 | D:2      | Reached skill level 6 in Axes
   684 | D:2      | Reached XP level 4. HP: 17/39 MP: 3/3
   690 | D:2      | Reached ** piety under Trog
   761 | D:2      | Found a basalt altar of Yredelemnul.
   836 | D:2      | Slain by a gnoll

Vault maps used:
D:1:      shiori_arrival_oz
D:2:      lemuel_doored_altar, uniq_robin

Skill      XL: |  1  2  3 |
---------------+----------+-----
Axes           | 4 5 6 |  6.3
Fighting       | |  3.6
Armour         | |  2.4
Dodging        | |  2.1

Action                   |  1- 3 |  4- 6 || total
-------------------------+-------+-------++-------
Melee: Hand axe          |    63 |    19 ||    82
       Headbutt          |     9 |     6 ||    15
Invok: Berserk           |     1 |     1 ||     2
  Eat: Chunk             |       |     1 ||     1
Armor: Animal skin       |    10 |       ||    10
Dodge: Dodged            |    38 |    18 ||    56

Table legend:
 A = Spawn XP
 B = Non-spawn XP
 C = Spawn XP percentage of total XP
 D = Spawn monster count
 E = Non-spawn monster count
 F = Spawn count percentage of total count
 G = Total turns spent on level
                    A         B        C        D         E        F      G
               +---------+---------+-------+---------+---------+-------+---------
         Total |       0 |     132 |   0.0 |       0 |      36 |   0.0 |   836
               +---------+---------+-------+---------+---------+-------+---------
           D:1 |       0 |      66 |   0.0 |       0 |      24 |   0.0 |   595
           D:2 |       0 |      66 |   0.0 |       0 |      12 |   0.0 |   241
               +---------+---------+-------+---------+---------+-------+---------
